 Dungeon Crawl Stone Soup version 0.29.1-4-g47bece8355 (webtiles) character file.

Game seed: 9425632831653903751

39 venomsnake the Trooper (level 3, -4/33 HPs)
             Began as a Minotaur Berserker on Dec 11, 2022.
             Was a Follower of Trog.
             Slain by an orc
             ... wielding a +0 falchion
              (5 damage)
             ... on level 2 of the Dungeon.
             The game lasted 00:02:32 (1268 turns).

venomsnake the Trooper (Minotaur Berserker)         Turns: 1268, Time: 00:02:32

Health: -4/33      AC:  2    Str: 23    XL:     3   Next: 26%
Magic:  2/2        EV: 12    Int:  4    God:    Trog [*.....]
Gold:   54         SH:  5    Dex:  9    Spells: 2/2 levels left

rFire   . . .      SeeInvis .   a - +0 hand axe
rCold   . . .      Faith    .   (no shield)
rNeg    . . .      Spirit   .   b - +0 animal skin
rPois   .          Reflect  +   (helmet restricted)
rElec   .          Harm     .   (no cloak)
rCorr   .          Rampage  .   (no gloves)
Will    .....                   (no boots)
Stlth   +.........              g - amulet of reflection
HPRegen 0.11/turn               (no ring)
MPRegen 0.08/turn               (no ring)

@: no status effects
A: horns 2, retaliatory headbutt
a: Renounce Religion, Berserk


You were on level 2 of the Dungeon.
You worshipped Trog.
Trog was aware of your devotion.
You visited 1 branch of the dungeon, and saw 2 of its levels.

You collected 54 gold pieces.

Inventory:

Hand Weapons
 a - a +0 hand axe (weapon)
Armour
 b - a +0 animal skin (worn)
Jewellery
 g - an amulet of reflection (around neck)
Scrolls
 d - a scroll of enchant armour {unknown}
 e - 2 scrolls of identify {unknown}
 f - 2 scrolls of silence {unknown}
 i - a scroll of magic mapping {unknown}
 o - a scroll of teleportation {unknown}
Potions
 c - a potion of mutation {unknown}
 h - 2 potions of cancellation {unknown}
 j - a potion of lignification {unknown}
 k - a potion of degeneration {unknown}
 l - a potion of curing {unknown}
 m - a potion of heal wounds {unknown}
 n - a potion of attraction {unknown}
 p - a potion of haste {unknown}


   Skills:
 * Level 4.2 Fighting
 + Level 4.0 Axes
 + Level 2.9 Armour
 + Level 2.5 Dodging
 + Level 0.7 Evocations


You had 2 spell levels left.
You didn't know any spells.
Your spell library was empty.

Dungeon Overview and Level Annotations

Branches:
Dungeon (2/15)

Altars:

Shops:
D:1 *


Innate Abilities, Weirdness & Mutations

You have a pair of horns on your head.
You reflexively headbutt those who attack you in melee.


Message History

You have reached level 3!
Your experience leads to an increase in your attributes!
Increase (S)trength, (I)ntelligence, or (D)exterity?
You feel stronger. x2
You hit the orc but do no damage.
You feel sick. The orc hits you with a +0 short sword.
You hit the orc but do no damage. x2; You feel sick.
The orc barely misses you.
You hit the orc.
The orc is almost dead.
You barely miss the orc.
You feel sick. The orc barely misses you.
You barely miss the orc.
The orc is almost dead.
You hit the orc.
You feel sick. The orc hits you with a +0 short sword.
The orc hits you with a +0 dagger.
You slash the orc!
You kill the orc!
Trog accepts your kill.
You hit the orc.
You kill the orc!
Trog accepts your kill.
You feel sick.
You are no longer poisoned.
You closely miss the orc. The orc hits you with a +0 falchion.
You hit the orc but do no damage. Your headbutt misses the orc.
The orc barely misses you.
You hit the orc.
The orc is lightly wounded.
The orc barely misses you.
You barely miss the orc.
The orc is lightly wounded.
The orc hits you with a +0 falchion.
* * * LOW HITPOINT WARNING * * *
You hit the orc.
The orc is heavily wounded.
The orc hits you with a +0 falchion.
* * * LOW HITPOINT WARNING * * *
You hit the orc but do no damage. Your headbutt misses the orc.
The orc is heavily wounded.
You block the orc's attack. The orc hits you with a +0 falchion.
You die...

#.##.##.......##.####.##.#.#.....
#..^.##.##.##.......#............
#.......##.#####.##.######.#.#...
#.########...<.........# #.#.#...
#.# #######.##.##.# #....... #.#
#.......#######... #.#
#.........# #... #.###
#...##..#.#####... #...#
#@................ ###.#
......o)........†....... #.#
......###.##.#.......... ###.####
...... #.#..#..#####... .......#
..... #.......# #... .##.##.#
##### #.#.##.## #... #.##.##
#####......# #... #.....#
#......[#### #... ####.##
#.####### #...


You could see an orc.

Vanquished Creatures
  2 adders (D:2)
  2 orcs (D:2)
  2 bats
  2 endoplasms
  A giant cockroach (D:1)
  3 hobgoblins
  A quokka (D:2)
  2 frilled lizards
  3 rats
  A spectral kobold (D:1)
19 creatures vanquished.

Notes
Turn   | Place    | Note
-------+----------+-------------------------------------------
     0 | D:1      | venomsnake the Minotaur Berserker began the quest for the
                  | Orb.
     0 | D:1      | Reached XP level 1. HP: 19/19 MP: 0/0
   145 | D:1      | Found Xawn's Assorted Antiques.
   292 | D:1      | Found a faded altar of an unknown god.
   839 | D:1      | Reached XP level 2. HP: 25/27 MP: 1/1
  1258 | D:2      | Reached XP level 3. HP: 27/33 MP: 2/2
  1267 | D:2      | HP: 1/33 [orc/+0 falchion (3)]
  1268 | D:2      | Slain by an orc

Illustrated notes

Levels and vault maps discovered:
D:1:      heliophobic_arrival_dark_side_of_the_moon, layout_loops_ring,
          serial_shops, nicolae_lakefront_shop,
          dreamdust_ecumenical_altar_drowned_temple
D:2:      layout_loops_cross, kennysheep_generic_room_4

Skill      XL: |  1  2 |
---------------+-------+-----
Fighting       | 4 |  4.2
Axes           | 4 |  4.0
Armour         | |  2.9
Dodging        | |  2.5
Evocations     | |  0.7

Action                   || total
-------------------------++-------
Melee: Hand axe          ||    58
       Headbutt          ||     3
Armor: Animal skin       ||     7
Dodge: Dodged            ||    37
Block: Other             ||    10
